 Dungeon Sprint DCSS version 0.15-a0-2172-g9ff0d5b (webtiles) character file.

169777 BluebellGnoll the Sorcerer (level 15, -1/63 HPs)
             Began as a Spriggan Air Elementalist on July 21, 2014.
             Was the Champion of Sif Muna.
             Slain by a vault guard
             ... wielding a +0 great mace
              (21 damage)
             ... in the Dungeon (Sprint IX: "|||||||||||||||||||||||||||||").
             The game lasted 01:56:20 (8953 turns).

BluebellGnoll the Sorcerer (SpAE)                   Turns: 8953, Time: 01:56:20

HP  -1/63        AC  3     Str  7      XL: 15   Next: 95%
MP   2/43        EV 35     Int 24      God: Sif Muna [******]
Gold 40          SH  0     Dex 16      Spells: 15 memorised,  3 levels left

rFire  + + .     SeeInvis +     c - +3 cutlass (venom)
rCold  + . .     Clarity  .     Q - +0 robe {rF+}
rNeg   . . .     rCorr    .     (shield restricted)
rPois  .         rRot     .     (helmet restricted)
rElec  +         Spirit   .     n - +0 cloak
SustAb .         Warding  .     (gloves unavailable)
rMut   .         NoTele   +     (boots unavailable)
Gourm  .                        (no amulet)
MR     ++++.                    v - ring of Inkew {rElec rF+ MR++ Str+3}
                                L - ring of protection from cold

@: deflect missiles, very quick, incredibly resistant to hostile enchantments,
very stealthy
A: unfitting armour, see invisible, herbivore 3, speed 3, slow metabolism 2
a: Channel Energy, Forget Spell, Renounce Religion
}: 4/15 runes: decaying, serpentine, barnacled, gossamer


You were in the Dungeon.
You worshipped Sif Muna.
Sif Muna was exalted by your worship.
You were very full.

You visited 1 branch You collected 1915 gold pieces.
You spent 1875 gold pieces at shops.

Inventory:

Hand weapons
 c - a +3 cutlass of venom (weapon)
 l - a +4 cutlass of speed
 q - the +3 war axe "Bram" {flame, rPois rN+}
   (You found it in the Dungeon)

   It emits flame when wielded, causing extra injury to most foes and up to
   double damage against particularly susceptible opponents.
   Big, fiery blades are also staple armaments of hydra-hunters.
   It protects you from poison.
   It protects you from negative energy.
Missiles
 R - 14 tomahawks (quivered)
Armour
 n - a +0 cloak (worn)
 H - a +2 buckler of protection
 Q - a +0 robe of fire resistance (worn)
Magical devices
 m - a wand of cold (0)
Comestibles
 z - 12 fruits
 B - 12 bread rations
Scrolls
 i - 4 scrolls of blinking
 k - 7 scrolls of remove curse
 p - 4 scrolls of fog
 w - 4 scrolls of enchant weapon
 A - 2 scrolls of fear
 N - 2 scrolls of identify
Jewellery
 v - the ring of Inkew (right hand) {rElec rF+ MR++ Str+3}
   (You found it in the Dungeon)

   [ring of strength]

   It affects your strength (+3).
   It protects you from fire.
   It insulates you from electricity.
   It affects your resistance to hostile enchantments.
 K - an uncursed ring of protection from magic
 L - a ring of protection from cold (left hand)
 M - an uncursed ring of protection from cold
Potions
 a - a potion of cure mutation
 d - 2 potions of curing
 e - 11 potions of heal wounds
 f - a potion of invisibility
 g - 4 potions of magic
 h - a potion of berserk rage
 o - 3 potions of haste
 t - 2 potions of might
 u - 3 potions of agility
Books
 b - Sif Muna's Disquisition on Bewitchment and Augmentations
   (Sif Muna gifted it to you in the Dungeon)

   Spells                             Type                      Level
   Shroud of Golubria                 Charms/Translocation         2
   *Ensorcelled Hibernation           Hexes/Ice                    2
   Spectral Weapon                    Hexes/Charms                 3
   Deflect Missiles                   Charms/Air                   6
   *Mass Confusion                    Hexes                        6
 j - a book of Fire

   Spells                             Type                      Level
   Ignite Poison                      Fire/Transmutation           5
   *Fireball                          Conjuration/Fire             5
   Bolt of Fire                       Conjuration/Fire             6
   Delayed Fireball                   Conjuration/Fire             7
   Ring of Flames                     Charms/Fire                  7
 r - Sif Muna's Volume of Blistering Combat Magic
   (Sif Muna gifted it to you in the Dungeon)

   Spells                             Type                      Level
   Flame Tongue                       Conjuration/Fire             1
   Fulminant Prism                    Conjuration/Hexes            4
   *Iskenderun's Mystic Blast         Conjuration                  4
   *Fireball                          Conjuration/Fire             5
   Poisonous Cloud                    Conjuration/Poison/Air       6
 s - a book of Burglary

   Spells                             Type                      Level
   Swiftness                          Charms/Air                   2
   Passwall                           Transmutation/Earth          3
   Passage of Golubria                Translocation                4
   Lee's Rapid Deconstruction         Earth                        5
   Invisibility                       Hexes                        6
   Darkness                           Hexes                        7
 x - a book of the Earth

   Spells                             Type                      Level
   Leda's Liquefaction                Hexes/Earth                  4
   Bolt of Magma                      Conjuration/Fire/Earth       5
   Statue Form                        Transmutation/Earth          6
   Iron Shot                          Conjuration/Earth            6
   Shatter                            Earth                        9
 y - a book of Frost

   Spells                             Type                      Level
   Freeze                             Ice                          1
   Throw Frost                        Conjuration/Ice              2
   Ozocubu's Armour                   Charms/Ice                   3
   Throw Icicle                       Conjuration/Ice              4
   Summon Ice Beast                   Ice/Summoning                4
   Condensation Shield                Ice                          4
 E - Sif Muna's Reference Book on the Hurtful Birds
   (Sif Muna gifted it to you in the Dungeon)

   Spells                             Type                      Level
   Flight                             Charms/Air                   3
   Static Discharge                   Conjuration/Air              3
   *Freezing Cloud                    Conjuration/Ice/Air          6
   Chain Lightning                    Conjuration/Air              8
 J - Sif Muna's Further Steps in Spellweaving
   (Sif Muna gifted it to you in the Dungeon)

   Spells                             Type                      Level
   Bolt of Cold                       Conjuration/Ice              6
   Death Channel                      Necromancy                   6
   Aura of Abjuration                 Summoning                    6
   Forceful Dismissal                 Summoning                    6
   Dispersal                          Translocation                6
   Statue Form                        Transmutation/Earth          6
 O - a book of Enchantments

   Spells                             Type                      Level
   Tukima's Dance                     Hexes                        3
   Cause Fear                         Hexes                        4
   Silence                            Hexes/Air                    5
   Deflect Missiles                   Charms/Air                   6
   Haste                              Charms                       6
   Discord                            Hexes                        8
 S - Sif Muna's Disquisition on Floating Attacks
   (Sif Muna gifted it to you in the Dungeon)

   Spells                             Type                      Level
   Magic Dart                         Conjuration                  1
   Throw Icicle                       Conjuration/Ice              4
   Summon Lightning Spire             Summoning/Air                4
   Venom Bolt                         Conjuration/Poison           5
   Conjure Ball Lightning             Conjuration/Air              6
 W - a book of Hinderance

   Spells                             Type                      Level
   Confusing Touch                    Hexes                        2
   *Confuse                           Hexes                        3
   Petrify                            Transmutation/Earth          4
   Leda's Liquefaction                Hexes/Earth                  4
   Metabolic Englaciation             Hexes/Ice                    5
   *Summon Mana Viper                 Hexes/Summoning              5
 Z - Kijifiw's Reference Book on Harmful Hexes
   (Sif Muna gifted it to you in the Dungeon)

   Spells                             Type                      Level
   Corona                             Hexes                        1
   Sure Blade                         Hexes/Charms                 2
   *Ensorcelled Hibernation           Hexes/Ice                    2
   Stone Arrow                        Conjuration/Earth            3
   Fulminant Prism                    Conjuration/Hexes            4
   Lehudib's Crystal Spear            Conjuration/Earth            8
Miscellaneous
 G - a phial of floods
Rods
 F - a +9 rod of inaccuracy (11/11)
   (You bought it in a shop in the Dungeon)


   Skills:
 * Level 14.8 Short Blades
 * Level 22.2 Dodging
 - Level 11.9 Stealth
 - Level 24.3 Spellcasting
 - Level 16.8 Conjurations
 * Level 16.9 Hexes
   Level 11.4 Charms
 - Level 18.6 Air Magic
 - Level 19.6 Evocations


You had 3 spell levels left.
You knew the following spells:

 Your Spells              Type           Power        Failure   Level  Hunger
a - Shock                 Conj/Air       ####         0%          1    None
b - Ensorcelled Hibernat  Hex/Ice        ######       1%          2    None
c - Confuse               Hex            #######.     0%          3    None
d - Lightning Bolt        Conj/Air       #######...   1%          5    None
e - Sticky Flame          Conj/Fire      ######..     1%          4    None
f - Conjure Flame         Conj/Fire      ######..     1%          3    None
g - Mephitic Cloud        Conj/Pois/Air  ######..     1%          3    None
h - Throw Flame           Conj/Fire      ######       1%          2    None
i - Iskenderun's Mystic   Conj           #######.     0%          4    None
j - Fireball              Conj/Fire      ######....   1%          5    None
k - Summon Mana Viper     Hex/Summ       ######..     1%          5    None
l - Freezing Cloud        Conj/Ice/Air   ######....   1%          6    None
m - Dazzling Spray        Conj/Hex       #######.     0%          3    None
n - Orb of Destruction    Conj           #######...   1%          7    ###....
o - Mass Confusion        Hex            #######...   1%          6    None


Dungeon Overview and Level Annotations

Branches:
Dungeon (1/1)

Altars:
Cheibriados
Dithmenos
Elyvilon
Fedhas
Gozag
Kikubaaqudgha
Makhleb
Nemelex Xobeh
Okawaru
Qazlal
Sif Muna
Trog
Vehumet
Xom
Yredelemnul
Zin
The Shining One
Beogh
Jiyva
Lugonu

Shops:
D }([(


Innate Abilities, Weirdness & Mutations

You are tiny and cannot use many weapons and most armour.
You have supernaturally acute eyesight.
You are a herbivore.
You cover ground extremely quickly.
You need consume almost no food.


Message History

The vault guard burns!
The vault guard hits you with a great mace.
You hit the vault guard but do no damage.
The vault guard is heavily wounded.
You hit the vault guard.
The vault guard looks even sicker.
The vault guard is heavily wounded.
The vault guard burns!
You hit the vault guard.
The vault guard is severely wounded.
The vault guard hits you with a great mace!
You hit the vault guard but do no damage.
The vault guard is severely wounded.
The vault guard burns!
You hit the vault guard.
The vault guard is severely wounded.
You hit the vault guard.
The vault guard is almost dead.
The vault guard burns!
The vault guard hits you with a great mace!!
You die...

▓▓▓▓▓▓▓▓▓▓▓▓▓▓▓▓▓▓▓▓
)).).)))'.)....p@..▓
▓▓▓▓▓▓▓▓▓▓▓▓▓▓▓▓▓▓.▓
...................▓
▓▓▓▓▓▓▓▓▓▓▓▓▓▓▓▓▓▓▓▓
[..[[[).)[.'[).....▓
▓▓▓▓▓▓▓▓▓▓▓▓▓▓▓▓▓▓.▓
...................▓
▓▓▓▓▓▓▓▓▓▓▓▓▓▓▓▓▓▓▓▓
=====.'............▓


You could see a vault guard (burning).

Vanquished Creatures
  A tengu reaver (D)
  Ilsuiw (D)
  5 greater nagas (D)
  A fire giant (D)
  A ghost moth (D)
  2 frost giants (D)
  3 vault wardens (D)
  5 emperor scorpions (D)
  2 stone giants (D)
  21 vault guards (D)
  4 merfolk javelineers (D)
  4 merfolk impalers (D)
  2 fire dragons (D)
  An ironheart preserver (D)
  2 great orbs of eyes (D)
  4 hydras (D)
  A minotaur (D)
  A naga warrior (D)
  4 sirens (D)
  5 anacondas (D)
  5 centaur warriors (D)
  2 merfolk aquamancers (D)
  2 death yaks (D)
  A deep troll shaman (D)
  2 alligators (D)
  10 orc high priests (D)
  A tengu warrior (D)
  A shock serpent (D)
  2 catoblepae (D)
  An orb spider (D)
  2 deep elf knights (D)
  2 hill giants (D)
  A naga ritualist (D)
  7 swamp dragons (D)
  11 orc knights (D)
  4 griffons (D)
  A deep elf conjurer (D)
  2 ironbrand convokers (D)
  3 lindwurms (D)
  5 wolf spiders (D)
  2 manticores (D)
  2 guardian serpents (D)
  A moth of wrath (D)
  3 naga magi (D)
  A black mamba (D)
  Joseph (D)
  3 yaktaurs (D)
  Psyche (D)
  A spiny frog (D)
  A hellwing (D)
  A tengu conjurer (D)
  A freezing wraith (D)
  5 jumping spiders (D)
  2 merfolk (D)
  A troll (D)
  A blink frog (D)
  A wind drake (D)
  A giant leech (D)
  2 slime creatures (D)
  A bog body (D)
  A raven (D)
  A snapping turtle (D)
  A redback (D)
  A tarantella (D)
  2 hippogriffs (D)
  A trapdoor spider (D)
  2 yaks (D)
  An ugly thing (D)
  2 wraiths (D)
  A hippogriff (shapeshifter) (D)
  2 vampire mosquitoes (D)
  A mottled dragon (D)
  2 nagas (D)
  2 porcupines (D)
  4 water moccasins (D)
  2 sky beasts (D)
  2 wolves (D)
  A swamp drake (D)
  9 orc warriors (D)
  A spider (D)
  A boring beetle (D)
  A centaur (D)
  A crocodile (D)
  A brain worm (D)
  3 giant frogs (D)
  An insubstantial wisp (D)
  A killer bee (D)
  A quasit (D)
  2 hounds (D)
  8 orc wizards (D)
  An iguana (D)
  2 adders (D)
  A worm zombie (D)
  A giant mite (D)
  4 worms (D)
  An adder skeleton (D)
  4 orcs (D)
  2 bats (D)
  A giant spore (D)
  2 kobolds (D)
  3 quokkas (D)
  3 rats (D)
251 creatures vanquished.

Vanquished Creatures (others)
  A mana viper (D)
  A water elemental (D)
  A kobold (D)
3 creatures vanquished.

Grand Total: 254 creatures vanquished

Notes
Turn   | Place    | Note
--------------------------------------------------------------
     0 | D        | BluebellGnoll, the Spriggan Air Elementalist, began the quest for the Orb.
     0 | D        | Reached XP level 1. HP: 9/9 MP: 4/4
     6 | D        | Reached skill level 4 in Spellcasting
    79 | D        | Reached skill level 6 in Spellcasting
    79 | D        | Reached XP level 2. HP: 13/13 MP: 4/12
    80 | D        | Reached skill level 7 in Spellcasting
    86 | D        | Found a glowing silver altar of Zin.
    86 | D        | Found a glowing golden altar of the Shining One.
    86 | D        | Found an ancient bone altar of Kikubaaqudgha.
    86 | D        | Found a basalt altar of Yredelemnul.
    86 | D        | Found a shimmering altar of Xom.
    86 | D        | Found a radiant altar of Vehumet.
    86 | D        | Found an iron altar of Okawaru.
    87 | D        | Found a burning altar of Makhleb.
    88 | D        | Found a deep blue altar of Sif Muna.
    89 | D        | Found a bloodstained altar of Trog.
    90 | D        | Found a sparkling altar of Nemelex Xobeh.
    91 | D        | Found a white marble altar of Elyvilon.
    92 | D        | Found a roughly hewn altar of Beogh.
    93 | D        | Found a viscous altar of Jiyva.
    94 | D        | Found a corrupted altar of Lugonu.
    95 | D        | Found a blossoming altar of Fedhas.
    96 | D        | Found a snail-covered altar of Cheibriados.
    97 | D        | Became a worshipper of Sif Muna the Loreminder
    98 | D        | Found a shadowy altar of Dithmenos.
    99 | D        | Found a stormy altar of Qazlal.
   100 | D        | Found an opulent altar of Gozag.
   139 | D        | Got the +3 war axe "Bram" {flame, rPois rN+}
   223 | D        | Learned a level 2 spell: Repel Missiles
   238 | D        | Noticed a sky beast
   238 | D        | Noticed a wraith
   238 | D        | Noticed a quasit
   247 | D        | Reached skill level 1 in Conjurations
   250 | D        | Killed a quasit
   250 | D        | Acquired Sif Muna's first power
   250 | D        | Reached XP level 3. HP: 12/16 MP: 8/17
   252 | D        | Killed a sky beast
   252 | D        | Acquired Sif Muna's second power
   252 | D        | Reached XP level 4. HP: 6/21 MP: 9/20
   252 | D        | Reached XP level 5. HP: 6/24 MP: 9/21
   263 | D        | Killed a wraith
   263 | D        | Acquired Sif Muna's third power
   263 | D        | Reached skill level 8 in Conjurations
   263 | D        | Reached XP level 6. HP: 8/28 MP: 12/23
   292 | D        | Learned a level 5 spell: Lightning Bolt
   489 | D        | Noticed a catoblepas
   489 | D        | Noticed a hound
   489 | D        | Noticed a sky beast
   489 | D        | Noticed a centaur
   489 | D        | Noticed a killer bee
   489 | D        | Noticed a hound
   492 | D        | Killed a centaur
   492 | D        | Reached skill level 5 in Air Magic
   495 | D        | Killed a hound
   496 | D        | Killed a hound
   497 | D        | Killed a killer bee
   549 | D        | Killed a catoblepas
   549 | D        | Received a gift from Sif Muna
   549 | D        | Reached skill level 11 in Air Magic
   549 | D        | Reached XP level 7. HP: 12/32 MP: 14/25
   549 | D        | Reached XP level 8. HP: 13/36 MP: 14/26
   550 | D        | Identified Sif Muna's Volume of Blistering Combat Magic (Sif Muna gifted it to you in the Dungeon)
   565 | D        | Learned a level 4 spell: Iskenderun's Mystic Blast
   567 | D        | Learned a level 1 spell: Flame Tongue
   846 | D        | Killed a sky beast
   846 | D        | Received a gift from Sif Muna
   847 | D        | Identified Sif Muna's Incunabulum of Lucky Feathers (Sif Muna gifted it to you in the Dungeon)
   980 | D        | Got the ring of Inkew {rElec rF+ MR++ Str+3}
  1000 | D        | Learned a level 3 spell: Mephitic Cloud
  1000 | D        | Noticed a porcupine
  1000 | D        | Noticed an iguana
  1000 | D        | Noticed a crocodile
  1000 | D        | Noticed a yak
  1000 | D        | Noticed a hippogriff
  1001 | D        | Noticed a wolf
  1002 | D        | Killed an iguana
  1004 | D        | Noticed a yak
  1004 | D        | Killed a wolf
  1004 | D        | Reached skill level 5 in Dodging
  1007 | D        | Killed a hippogriff
  1007 | D        | Killed a yak
  1007 | D        | Reached skill level 10 in Spellcasting
  1012 | D        | Killed a crocodile
  1012 | D        | Killed a porcupine
  1017 | D        | Killed a yak
  1139 | D        | Learned a level 4 spell: Fulminant Prism
  1139 | D        | Noticed a giant frog
  1139 | D        | Noticed a porcupine
  1139 | D        | Noticed a boring beetle
  1139 | D        | Noticed a blink frog
  1139 | D        | Noticed a giant frog
  1139 | D        | Noticed a water moccasin
  1144 | D        | Killed a water moccasin
  1144 | D        | Reached XP level 9. HP: 39/39 MP: 25/31
  1144 | D        | Killed a giant frog
  1151 | D        | Killed a porcupine
  1151 | D        | Reached skill level 5 in Stealth
  1151 | D        | Reached skill level 12 in Spellcasting
  1153 | D        | Noticed a wolf
  1155 | D        | Noticed a griffon
  1164 | D        | Killed a giant frog
  1175 | D        | Killed a boring beetle
  1175 | D        | Received a gift from Sif Muna
  1178 | D        | Killed a wolf
  1245 | D        | Killed a griffon
  1245 | D        | Reached skill level 14 in Spellcasting
  1497 | D        | Learned a level 3 spell: Conjure Flame
  1515 | D        | Killed a blink frog
  1569 | D        | Learned a level 4 spell: Sticky Flame
  1569 | D        | Noticed a brain worm
  1569 | D        | Noticed a lindwurm
  1569 | D        | Noticed a lindwurm
  1569 | D        | Noticed a lindwurm
  1572 | D        | Killed a lindwurm
  1572 | D        | Reached skill level 15 in Spellcasting
  1573 | D        | Killed a lindwurm
  1573 | D        | Received a gift from Sif Muna
  1573 | D        | Reached skill level 10 in Stealth
  1575 | D        | Killed a brain worm
  1575 | D        | Reached XP level 10. HP: 34/44 MP: 13/35
  1576 | D        | Killed a lindwurm
  1576 | D        | Reached skill level 16 in Spellcasting
  1759 | D        | Noticed an orc wizard
  1759 | D        | Noticed an orc warrior
  1759 | D        | Noticed an orc wizard
  1759 | D        | Noticed an orc wizard
  1759 | D        | Noticed an orc wizard
  1759 | D        | Noticed an orc wizard
  1759 | D        | Noticed an orc wizard
  1760 | D        | Noticed an orc wizard
  1761 | D        | Killed an orc wizard
  1761 | D        | Killed an orc wizard
  1761 | D        | Killed an orc wizard
  1761 | D        | Killed an orc wizard
  1761 | D        | Killed an orc wizard
  1762 | D        | Killed an orc wizard
  1762 | D        | Killed an orc warrior
  1764 | D        | Killed an orc wizard
  1766 | D        | Noticed an orc wizard
  1769 | D        | Killed an orc wizard
  1855 | D        | Noticed an orc warrior
  1855 | D        | Noticed an orc high priest
  1855 | D        | Noticed an orc warrior
  1855 | D        | Noticed an orc warrior
  1855 | D        | Noticed an orc warrior
  1855 | D        | Noticed an orc knight
  1855 | D        | Noticed an orc warrior
  1857 | D        | Killed an orc warrior
  1857 | D        | Reached skill level 1 in Short Blades
  1857 | D        | Killed an orc warrior
  1857 | D        | Killed an orc warrior
  1859 | D        | Killed an orc high priest
  1859 | D        | Received a gift from Sif Muna
  1860 | D        | Noticed an orc high priest
  1865 | D        | Killed an orc knight
  1865 | D        | Killed an orc warrior
  1865 | D        | Reached skill level 10 in Conjurations
  1866 | D        | Noticed an orc knight
  1866 | D        | Killed an orc warrior
  1866 | D        | Killed an orc high priest
  1870 | D        | Noticed an orc warrior
  1871 | D        | Noticed an orc warrior
  1887 | D        | Killed an orc knight
  1898 | D        | Killed an orc warrior
  1916 | D        | Killed an orc warrior
  1946 | D        | Noticed an orc warrior
  1962 | D        | Learned a level 5 spell: Fireball
  1966 | D        | Learned a level 2 spell: Throw Flame
  1972 | D        | Learned a level 4 spell: Throw Icicle
  1982 | D        | Killed an orc warrior
  2114 | D        | Found Vyelon's Weapon Boutique.
  2114 | D        | Noticed an orc knight
  2114 | D        | Noticed an orc high priest
  2114 | D        | Noticed an orc knight
  2114 | D        | Noticed an orc knight
  2114 | D        | Noticed an orc high priest
  2114 | D        | Noticed an orc knight
  2115 | D        | Found Ranez's Armour Shop.
  2117 | D        | Noticed a soul eater
  2117 | D        | Killed an orc high priest
  2117 | D        | Reached skill level 10 in Dodging
  2117 | D        | Reached XP level 11. HP: 45/47 MP: 26/37
  2117 | D        | Killed an orc knight
  2118 | D        | Noticed an orc high priest
  2119 | D        | Killed an orc high priest
  2119 | D        | Received a gift from Sif Muna
  2120 | D        | Noticed an orc high priest
  2135 | D        | Killed an orc knight
  2142 | D        | Killed an orc knight
  2211 | D        | Killed an orc knight
  2219 | D        | Killed an orc high priest
  2256 | D        | Killed an orc high priest
  2274 | D        | Noticed an orc high priest
  2386 | D        | Noticed an orc high priest
  2388 | D        | Noticed an ice devil
  2388 | D        | Killed an orc high priest
  2388 | D        | Received a gift from Sif Muna
  2475 | D        | Killed an orc high priest
  2617 | D        | Identified Sif Muna's Collected Works on Damage Dealing (Sif Muna gifted it to you in the Dungeon)
  2629 | D        | Noticed an orc high priest
  2641 | D        | Killed an orc high priest
  2656 | D        | Learned a level 6 spell: Poisonous Cloud
  2668 | D        | Noticed an orc knight
  2677 | D        | Killed an orc knight
  2678 | D        | Identified Sif Muna's Reference Book on the Hurtful Birds (Sif Muna gifted it to you in the Dungeon)
  2685 | D        | Noticed an orc high priest
  2685 | D        | Found Ghaakir's Antique Weapon Boutique.
  2692 | D        | Killed an orc high priest
  2697 | D        | Found Hongowobea's Gadget Shop.
  2714 | D        | Bought a +8 rod of inaccuracy (9/9) for 1177 gold pieces
  2714 | D        | Bought a phial of floods for 440 gold pieces
  2731 | D        | Bought a +2 buckler of protection for 258 gold pieces
  2767 | D        | Noticed Psyche
  2778 | D        | Killed Psyche
  2793 | D        | Noticed Joseph
  2804 | D        | Killed Joseph
  2804 | D        | Received a gift from Sif Muna
  2805 | D        | Identified Sif Muna's Further Steps in Spellweaving (Sif Muna gifted it to you in the Dungeon)
  2963 | D        | Noticed a manticore
  2963 | D        | Noticed a griffon
  2963 | D        | Noticed a giant frog
  2963 | D        | Noticed a hill giant
  2963 | D        | Noticed a troll
  2963 | D        | Noticed a centaur warrior
  2964 | D        | Noticed a cyan ugly thing
  2965 | D        | Killed a centaur warrior
  2965 | D        | Reached XP level 12. HP: 51/51 MP: 37/37
  2967 | D        | Killed a giant frog
  2971 | D        | Killed a griffon
  2971 | D        | Killed a cyan ugly thing
  2975 | D        | Killed a troll
  2975 | D        | Killed a manticore
  2975 | D        | Reached skill level 15 in Dodging
  2978 | D        | Killed a hill giant
  2978 | D        | Reached skill level 15 in Conjurations
  2983 | D        | Noticed a deep elf knight
  3001 | D        | Noticed a great orb of eyes
  3001 | D        | Noticed a fire dragon
  3003 | D        | Killed a deep elf knight
  3003 | D        | Received a gift from Sif Muna
  3109 | D        | Learned a level 6 spell: Freezing Cloud
  3109 | D        | Noticed a centaur warrior
  3109 | D        | Noticed a tengu conjurer
  3126 | D        | Killed a fire dragon
  3127 | D        | Killed a great orb of eyes
  3137 | D        | Killed a tengu conjurer
  3185 | D        | Killed a centaur warrior
  3209 | D        | Noticed a centaur warrior
  3232 | D        | Killed a centaur warrior
  3405 | D        | Noticed a merfolk impaler
  3405 | D        | Noticed a merfolk javelineer
  3405 | D        | Noticed a merfolk
  3405 | D        | Noticed a griffon
  3405 | D        | Noticed a wind drake
  3405 | D        | Noticed a manticore
  3405 | D        | Noticed a hippogriff
  3406 | D        | Noticed a merfolk
  3407 | D        | Killed a hippogriff
  3407 | D        | Reached skill level 17 in Spellcasting
  3408 | D        | Noticed a snapping turtle
  3412 | D        | Killed a merfolk
  3412 | D        | Received a gift from Sif Muna
  3413 | D        | Killed a snapping turtle
  3413 | D        | Killed a merfolk
  3415 | D        | Killed a merfolk javelineer
  3416 | D        | Killed a merfolk impaler
  3420 | D        | Killed a manticore
  3511 | D        | Killed a wind drake
  3592 | D        | Killed a griffon
  3714 | D        | Identified Sif Muna's Compendium of Combat Magic (Sif Muna gifted it to you in the Dungeon)
  3744 | D        | Noticed an alligator
  3744 | D        | Noticed a giant leech
  3744 | D        | Noticed a water moccasin
  3744 | D        | Noticed an insubstantial wisp
  3744 | D        | Noticed a vampire mosquito
  3744 | D        | Noticed a bog body
  3744 | D        | Noticed an alligator
  3745 | D        | Noticed a raven
  3746 | D        | Killed an alligator
  3746 | D        | Received a gift from Sif Muna
  3746 | D        | Reached skill level 18 in Spellcasting
  3747 | D        | Identified Sif Muna's Disquisition on Floating Attacks (Sif Muna gifted it to you in the Dungeon)
  3749 | D        | Killed a water moccasin
  3750 | D        | Killed a bog body
  3750 | D        | Killed a raven
  3751 | D        | Killed a vampire mosquito
  3751 | D        | Killed a giant leech
  3751 | D        | Killed a spiny frog
  3754 | D        | Killed an alligator
  3756 | D        | Killed an insubstantial wisp
  3840 | D        | Noticed a jumping spider
  3840 | D        | Noticed a jumping spider
  3840 | D        | Noticed a redback
  3840 | D        | Noticed a jumping spider
  3840 | D        | Noticed an orb spider
  3840 | D        | Noticed a tarantella
  3843 | D        | Noticed a wolf spider
  3843 | D        | Killed a redback
  3843 | D        | Killed an orb spider
  3843 | D        | Reached skill level 19 in Spellcasting
  3843 | D        | Reached XP level 13. HP: 47/55 MP: 28/40
  3844 | D        | Noticed a spider
  3844 | D        | Killed a tarantella
  3844 | D        | Killed a jumping spider
  3844 | D        | Killed a wolf spider
  3844 | D        | Killed a trapdoor spider
  3845 | D        | Killed a jumping spider
  3845 | D        | Received a gift from Sif Muna
  3845 | D        | Killed a spider
  3846 | D        | Identified Sif Muna's Grimoire of Battle Magic (Sif Muna gifted it to you in the Dungeon)
  3852 | D        | Learned a level 3 spell: Dazzling Spray
  3859 | D        | Killed a jumping spider
  3952 | D        | Noticed a black mamba
  3952 | D        | Noticed a water moccasin
  3952 | D        | Noticed an anaconda
  3952 | D        | Noticed an anaconda
  3952 | D        | Noticed an anaconda
  3952 | D        | Noticed a naga ritualist
  3952 | D        | Noticed a shock serpent
  3953 | D        | Noticed an anaconda
  3957 | D        | Killed a water moccasin
  3960 | D        | Killed an anaconda
  3963 | D        | Killed an anaconda
  3963 | D        | Killed an anaconda
  3963 | D        | Reached skill level 20 in Spellcasting
  3963 | D        | Killed an anaconda
  3969 | D        | Killed a shock serpent
  3969 | D        | Received a gift from Sif Muna
  3973 | D        | Killed a naga ritualist
  3984 | D        | HP: 2/55 [poisoned by a naga ritualist (toxic radiance)]
  4270 | D        | Noticed an anaconda
  4275 | D        | Killed an anaconda
  4275 | D        | Killed a black mamba
  4286 | D        | Identified Sif Muna's Papyrus of Attacks (Sif Muna gifted it to you in the Dungeon)
  4363 | D        | Learned a level 7 spell: Orb of Destruction
  4447 | D        | Noticed a deep elf knight
  4447 | D        | Noticed a great orb of eyes
  4447 | D        | Noticed a yaktaur
  4447 | D        | Noticed a deep elf conjurer
  4447 | D        | Noticed a catoblepas
  4447 | D        | Noticed a death yak
  4447 | D        | Noticed a centaur warrior
  4448 | D        | Noticed a stone giant
  4451 | D        | Killed a great orb of eyes
  4451 | D        | Killed a deep elf conjurer
  4452 | D        | Killed a centaur warrior
  4452 | D        | Received a gift from Sif Muna
  4452 | D        | Killed a death yak
  4452 | D        | Reached skill level 5 in Charms
  4452 | D        | Killed a yaktaur
  4452 | D        | Reached skill level 5 in Hexes
  4452 | D        | Killed a stone giant
  4452 | D        | Killed a deep elf knight
  4453 | D        | Killed a deep troll shaman
  4454 | D        | Noticed a stone giant
  4454 | D        | Killed a catoblepas
  4454 | D        | Killed a stone giant
  4454 | D        | Received a gift from Sif Muna
  4454 | D        | Killed a fire dragon
  4454 | D        | Reached skill level 10 in Charms
  4462 | D        | Noticed a frost giant
  4520 | D        | Killed a frost giant
  4541 | D        | Noticed a minotaur
  4570 | D        | Killed a minotaur
  4572 | D        | Noticed a tengu warrior
  4762 | D        | Killed a tengu warrior
  4822 | D        | Noticed a yaktaur
  4879 | D        | Killed a yaktaur
  4943 | D        | Identified Sif Muna's Almanac of Battle Magic and Contamination (Sif Muna gifted it to you in the Dungeon)
  4951 | D        | Noticed a yaktaur
  4952 | D        | Noticed a fire giant
  4955 | D        | Noticed a death yak
  4960 | D        | Killed a death yak
  4961 | D        | Killed a yaktaur
  4961 | D        | Reached skill level 21 in Spellcasting
  4966 | D        | Killed a fire giant
  4966 | D        | Received a gift from Sif Muna
  4967 | D        | Identified Sif Muna's Guide on Arcane Weapons (Sif Muna gifted it to you in the Dungeon)
  5091 | D        | Learned a level 6 spell: Bolt of Cold
  5099 | D        | Learned a level 6 spell: Deflect Missiles
  5108 | D        | Learned a level 6 spell: Freezing Cloud
  5203 | D        | Noticed a hill giant
  5203 | D        | Noticed an orc knight
  5203 | D        | Noticed a vampire mosquito
  5203 | D        | Noticed a wraith
  5203 | D        | Noticed a slime creature
  5203 | D        | Noticed an ironheart preserver
  5203 | D        | Noticed a mottled dragon
  5204 | D        | Noticed an orc knight
  5205 | D        | Killed a mottled dragon
  5207 | D        | Killed an ironheart preserver
  5207 | D        | Reached XP level 14. HP: 59/59 MP: 30/41
  5208 | D        | Killed a slime creature
  5208 | D        | Killed a vampire mosquito
  5209 | D        | Killed a wraith
  5209 | D        | Killed a hill giant
  5210 | D        | Noticed a griffon
  5210 | D        | Killed an orc knight
  5210 | D        | Reached skill level 5 in Evocations
  5210 | D        | Killed a griffon
  5212 | D        | Noticed a vault warden
  5213 | D        | Killed an orc knight
  5213 | D        | Reached skill level 22 in Spellcasting
  5215 | D        | Killed a vault warden
  5216 | D        | Noticed a slime creature
  5219 | D        | Noticed an orc knight
  5219 | D        | Killed a slime creature
  5226 | D        | Noticed a tengu reaver
  5233 | D        | Killed an orc knight
  5498 | D        | Killed a tengu reaver
  5506 | D        | Noticed an orc knight
  5531 | D        | Killed an orc knight
  5691 | D        | Noticed a centaur warrior
  5697 | D        | Noticed a frost giant
  5704 | D        | Killed a centaur warrior
  5704 | D        | Received a gift from Sif Muna
  5708 | D        | Identified Kijifiw's Reference Book on Harmful Hexes (Sif Muna gifted it to you in the Dungeon)
  5737 | D        | Killed a frost giant
  5737 | D        | Reached skill level 23 in Spellcasting
  5737 | D        | Reached skill level 10 in Evocations
  5900 | D        | Noticed a freezing wraith
  5908 | D        | Killed a freezing wraith
  6018 | D        | Noticed a vault warden
  6027 | D        | Killed a vault warden
  6133 | D        | Noticed a vault warden
  6134 | D        | Noticed an ironbrand convoker
  6135 | D        | Noticed an ironbrand convoker
  6141 | D        | Killed a vault warden
  6143 | D        | Killed an ironbrand convoker
  6145 | D        | Killed an ironbrand convoker
  6145 | D        | Reached skill level 24 in Spellcasting
  6165 | D        | Learned a level 5 spell: Summon Mana Viper
  6418 | D        | Learned a level 3 spell: Confuse
  6574 | D        | Noticed a greater naga
  6574 | D        | Noticed a naga mage
  6574 | D        | Noticed a guardian serpent
  6574 | D        | Noticed a naga mage
  6574 | D        | Noticed a naga
  6574 | D        | Noticed a greater naga
  6574 | D        | Noticed a greater naga
  6579 | D        | Killed a guardian serpent
  6580 | D        | Killed a guardian serpent
  6581 | D        | Noticed a naga warrior
  6583 | D        | Killed a naga
  6583 | D        | Killed a naga mage
  6583 | D        | Killed a naga mage
  6592 | D        | Killed a greater naga
  6592 | D        | Received a gift from Sif Muna
  6594 | D        | Killed a naga mage
  6596 | D        | Identified Sif Muna's Disquisition on Bewitchment and Augmentations (Sif Muna gifted it to you in the Dungeon)
  6598 | D        | Killed a naga warrior
  6601 | D        | Killed a greater naga
  6614 | D        | Killed a greater naga
  6695 | D        | Noticed a greater naga
  6701 | D        | Killed a greater naga
  6701 | D        | Reached skill level 15 in Evocations
  6813 | D        | Noticed a greater naga
  6814 | D        | Noticed a naga
  6820 | D        | Killed a naga
  6821 | D        | Killed a greater naga
  6821 | D        | Reached skill level 15 in Air Magic
  6901 | D        | Got a serpentine rune of Zot
  6924 | D        | Noticed a water moccasin
  6924 | D        | Noticed a swamp dragon
  6924 | D        | Noticed a swamp dragon
  6924 | D        | Noticed a swamp drake
  6924 | D        | Noticed a seven-headed hydra
  6924 | D        | Noticed a five-headed hydra
  6924 | D        | Noticed a swamp dragon
  6925 | D        | Noticed a six-headed hydra
  6928 | D        | Killed a water moccasin
  6929 | D        | Killed a five-headed hydra
  6929 | D        | Killed a seven-headed hydra
  6929 | D        | Received a gift from Sif Muna
  6929 | D        | Killed a swamp drake
  6930 | D        | Killed a swamp dragon
  6930 | D        | Killed a six-headed hydra
  6931 | D        | Noticed a swamp dragon
  6931 | D        | Killed a swamp dragon
  6932 | D        | Killed a swamp dragon
  6932 | D        | Killed a swamp dragon
  6933 | D        | Identified Faelip's Volume of Boosting Confrontation (Sif Muna gifted it to you in the Dungeon)
  6951 | D        | Noticed a swamp dragon
  6953 | D        | Killed a swamp dragon
  6956 | D        | Noticed a swamp dragon
  6963 | D        | Killed a swamp dragon
  6972 | D        | Noticed a four-headed hydra
  6976 | D        | Killed a four-headed hydra
  7004 | D        | Noticed a swamp dragon
  7009 | D        | Killed a swamp dragon
  7156 | D        | Got a decaying rune of Zot
  7182 | D        | Learned a level 8 spell: Chain Lightning
  7190 | D        | Noticed Ilsuiw
  7190 | D        | Noticed a merfolk impaler
  7190 | D        | Noticed a merfolk aquamancer
  7190 | D        | Noticed a siren
  7190 | D        | Noticed a merfolk javelineer
  7190 | D        | Noticed a siren
  7190 | D        | Noticed a siren
  7194 | D        | Noticed a merfolk javelineer
  7194 | D        | Killed a merfolk aquamancer
  7194 | D        | Reached XP level 15. HP: 63/63 MP: 14/43
  7195 | D        | Killed a siren
  7195 | D        | Killed a merfolk javelineer
  7195 | D        | Received a gift from Sif Muna
  7195 | D        | Killed a siren
  7195 | D        | Killed a merfolk javelineer
  7198 | D        | Identified Sif Muna's Collected Works on Lucky Arcane Weapons (Sif Muna gifted it to you in the Dungeon)
  7199 | D        | Killed a siren
  7200 | D        | Killed a merfolk impaler
  7213 | D        | Noticed a siren
  7258 | D        | Killed Ilsuiw
  7317 | D        | Noticed a merfolk impaler
  7317 | D        | Noticed a merfolk impaler
  7318 | D        | Killed a merfolk impaler
  7326 | D        | Killed a merfolk impaler
  7330 | D        | Noticed a merfolk javelineer
  7332 | D        | Killed a siren
  7332 | D        | Received a gift from Sif Muna
  7333 | D        | Identified Sif Muna's Intricacies of Spellcasting (Sif Muna gifted it to you in the Dungeon)
  7335 | D        | Killed a merfolk javelineer
  7412 | D        | Noticed a merfolk aquamancer
  7420 | D        | Killed a merfolk aquamancer
  7587 | D        | Got a barnacled rune of Zot
  7601 | D        | Noticed a ghost moth
  7601 | D        | Noticed a wolf spider
  7601 | D        | Noticed an emperor scorpion
  7601 | D        | Noticed an emperor scorpion
  7601 | D        | Noticed an emperor scorpion
  7601 | D        | Noticed a wolf spider
  7601 | D        | Noticed a jumping spider
  7602 | D        | Noticed an emperor scorpion
  7603 | D        | Killed a jumping spider
  7609 | D        | Killed a wolf spider
  7610 | D        | Killed a wolf spider
  7610 | D        | Reached skill level 10 in Hexes
  7692 | D        | Learned a level 6 spell: Bolt of Fire
  7707 | D        | Killed a wolf spider
  7877 | D        | Noticed an emperor scorpion
  7884 | D        | Killed an emperor scorpion
  7884 | D        | Reached skill level 10 in Short Blades
  7887 | D        | Killed an emperor scorpion
  7897 | D        | Killed a ghost moth
  8097 | D        | Killed an emperor scorpion
  8172 | D        | Killed an emperor scorpion
  8411 | D        | Killed an emperor scorpion
  8571 | D        | Noticed a moth of wrath
  8572 | D        | Noticed a wolf spider
  8573 | D        | Noticed a jumping spider
  8574 | D        | Killed a jumping spider
  8577 | D        | Killed a moth of wrath
  8577 | D        | Killed a wolf spider
  8580 | D        | Got a gossamer rune of Zot
  8742 | D        | Learned a level 6 spell: Mass Confusion
  8745 | D        | Learned a level 2 spell: Ensorcelled Hibernation
  8746 | D        | Noticed a vault guard
  8746 | D        | Noticed a vault guard
  8746 | D        | Noticed a vault guard
  8746 | D        | Noticed a vault guard
  8746 | D        | Noticed a vault guard
  8746 | D        | Noticed a vault guard
  8746 | D        | Noticed a vault guard
  8751 | D        | Killed a vault guard
  8751 | D        | Received a gift from Sif Muna
  8751 | D        | Killed a vault guard
  8751 | D        | Killed a vault guard
  8753 | D        | Killed a vault guard
  8753 | D        | Killed a vault guard
  8755 | D        | Killed a vault guard
  8756 | D        | Killed a vault guard
  8761 | D        | Killed a vault guard
  8810 | D        | Noticed a vault guard
  8811 | D        | Noticed a vault guard
  8812 | D        | Noticed a vault guard
  8813 | D        | Noticed a vault guard
  8814 | D        | Noticed a vault guard
  8815 | D        | Noticed a vault guard
  8816 | D        | Noticed a vault guard
  8823 | D        | Killed a vault guard
  8827 | D        | Killed a vault guard
  8829 | D        | Killed a vault guard
  8830 | D        | Killed a vault guard
  8831 | D        | Killed a vault guard
  8831 | D        | Reached skill level 15 in Hexes
  8831 | D        | Killed a vault guard
  8831 | D        | Received a gift from Sif Muna
  8834 | D        | Killed a vault guard
  8835 | D        | Killed a vault guard
  8844 | D        | Killed a vault guard
  8851 | D        | Noticed a vault guard
  8855 | D        | Noticed a vault guard
  8862 | D        | Noticed a vault guard
  8862 | D        | Killed a vault guard
  8874 | D        | Killed a vault guard
  8889 | D        | Killed a vault guard
  8899 | D        | Noticed a vault guard
  8923 | D        | Noticed a vault guard
  8932 | D        | Killed a vault guard
  8953 | D        | Slain by a vault guard

Action                   |  1- 3 |  4- 6 |  7- 9 | 10-12 | 13-15 || total
-------------------------+-------+-------+-------+-------+-------++-------
Melee: Short sword       |     1 |       |    21 |       |       ||    22
       Unarmed           |     1 |       |       |       |       ||     1
       Dagger            |       |       |       |    51 |    18 ||    69
       Cutlass           |       |       |       |       |    38 ||    38
       Rod               |       |       |       |       |     1 ||     1
Throw: Tomahawk          |       |       |       |       |     1 ||     1
 Cast: Shock             |    15 |     9 |    19 |    44 |    22 ||   109
       Repel Missiles    |     1 |       |       |       |       ||     1
       Lightning Bolt    |       |     1 |     8 |    21 |    26 ||    56
       Iskenderun's Myst |       |       |     4 |    29 |    72 ||   105
       Flame Tongue      |       |       |    23 |     3 |       ||    26
       Mephitic Cloud    |       |       |     5 |    21 |    18 ||    44
       Conjure Flame     |       |       |     1 |       |     2 ||     3
       Throw Flame       |       |       |       |    25 |     7 ||    32
       Sticky Flame      |       |       |       |     5 |    13 ||    18
       Freezing Cloud    |       |       |       |     4 |    19 ||    23
       Fireball          |       |       |       |     1 |    20 ||    21
       Poisonous Cloud   |       |       |       |     1 |       ||     1
       Dazzling Spray    |       |       |       |       |     5 ||     5
       Deflect Missiles  |       |       |       |       |     1 ||     1
       Confuse           |       |       |       |       |    17 ||    17
       Summon Mana Viper |       |       |       |       |     2 ||     2
       Orb of Destructio |       |       |       |       |     6 ||     6
       Mass Confusion    |       |       |       |       |     2 ||     2
       Bolt of Fire      |       |       |       |       |     1 ||     1
       Chain Lightning   |       |       |       |       |     1 ||     1
Invok: Channel Energy    |       |       |       |    15 |    48 ||    63
       Forget Spell      |       |       |       |     2 |     8 ||    10
Evoke: Wand              |     2 |     5 |       |       |       ||     7
       Rod               |       |       |       |       |    23 ||    23
       Phial of floods   |       |       |       |       |     1 ||     1
  Use: Potion            |     1 |       |       |     1 |     7 ||     9
       Scroll            |       |       |       |     1 |     2 ||     3
 Stab: Confused          |       |       |     3 |    14 |     8 ||    25
       Sleeping          |       |       |     1 |     3 |     5 ||     9
  Eat: Fruit             |       |       |       |     9 |    19 ||    28
